 Seeded DCSS version 0.27.1-35-g4d5d836560 (webtiles) character file.

Game seed: 5161737 (custom seed)

93 xaos the Conjurer (level 4, -9/31 HPs)
             Began as a Human Conjurer on Mar 28, 2022.
             Killed by divine providence
             ... invoked by an orc priest
              (14 damage)
             ... on level 2 of the Dungeon.
             The game lasted 00:19:39 (4236 turns).

xaos the Conjurer (Human Conjurer)                  Turns: 4236, Time: 00:19:39

Health: -9/31      AC:  6    Str:  7    XL:     4   Next: 91%
Magic:  6/7        EV: 12    Int: 19    God:
Gold:   61         SH:  5    Dex: 12    Spells: 6/7 levels left

rFire    + . .     SeeInvis .   v - +0 falchion
rCold    + . .     Faith    .   (no shield)
rNeg     . . .     Spirit   .   a - +0 robe
rPois    +         Reflect  +   (no helmet)
rElec    +         Harm     .   (no cloak)
rCorr    +         Rampage  .   (no gloves)
Will     .....                  (no boots)
Stlth    ++........             l - amulet of reflection
HPRegen  0.10/turn              c - +4 ring of protection
MPRegen  0.10/turn              (no ring)

@: resistant
A: no striking features
a: no special abilities


You were on level 2 of the Dungeon.
You visited 1 branch of the dungeon, and saw 3 of its levels.

You collected 72 gold pieces.
You spent 11 gold pieces at shops.

Inventory:

Hand Weapons
 e - a +0 whip
 f - a +0 short sword
 v - a +0 falchion (weapon)
Missiles
 d - 33 stones
 m - 2 boomerangs
 p - 46 bolts
Armour
 a - a +0 robe (worn)
 i - a +0 ring mail
 u - a +0 tower shield
Jewellery
 c - a +4 ring of protection (left hand)
 l - an amulet of reflection (around neck)
Scrolls
 b - a scroll of blinking {unknown}
 h - 2 scrolls of identify {unknown}
 o - a scroll of noise {unknown}
 r - a scroll of holy word {unknown}
Potions
 j - a potion of brilliance {unknown}
 k - a potion of curing {unknown}
 n - a potion of ambrosia {unknown}
 q - 2 potions of degeneration {unknown}
 s - a potion of heal wounds
 t - a potion of lignification {unknown}


   Skills:
 + Level 0.8 Fighting
 + Level 1.8 Short Blades
 + Level 2.4 Dodging
 + Level 2.3 Stealth
 + Level 0.3 Shields
 + Level 2.1 Spellcasting
 + Level 4.7 Conjurations


You had 6 spell levels left.
You knew the following spells:

 Your Spells              Type           Power      Damage    Failure   Level
a - Magic Dart            Conj           80%        1d7       2%          1

Your spell library contained the following spells:

 Spells                   Type           Power      Damage    Failure   Level
 Searing Ray              Conj           40%        3d4       3%          2
 Dazzling Flash           Conj/Hex       22%        N/A       19%         3
 Fulminant Prism          Conj/Hex       5%         3d7       52%         4
 Iskenderun's Mystic Bla  Conj/Tloc      11%        2d4       52%         4


Dungeon Overview and Level Annotations

Branches:
Dungeon (3/15)

Altars:
Nemelex Xobeh

Shops:
D:1 ((!(   D:3 (


Message History

The orc priest hits you with a +0 mace.
Aiming: Magic Dart (safe; 2% risk of failure)
Press: ? - help, Q - select action, (/) - cycle Shift-Dir - straight line, f - orc priest
Aim: an orc priest, wielding a +0 mace and wearing a +0 scale mail (100% to hit)
The magic dart hits the orc priest.
The orc priest is moderately wounded.
The orc priest hits you with a +0 mace.
The orc priest begins to cast a cantrip, but forgets the words!
You climb upwards.
There is a stone staircase leading down here.
The orc priest looks braver for a moment.
Aiming: Magic Dart (safe; 2% risk of failure)
Press: ? - help, Q - select action, (/) - cycle Shift-Dir - straight line, f - orc priest
Aim: an orc priest, wielding a +0 mace and wearing a +0 scale mail (moderately wounded, 100% to hit)
The magic dart hits the orc priest but does no damage.
The orc priest is moderately wounded.
You barely miss the orc priest.
The orc priest is moderately wounded.
The orc priest hits you with a +0 mace.
You hit the orc priest.
The orc priest is heavily wounded.
The orc priest closely misses you.
You hit the orc priest.
The orc priest is severely wounded.
You block the orc priest's attack.
You closely miss the orc priest.
The orc priest is severely wounded.
The orc priest hits you with a +0 mace!
* * * LOW HITPOINT WARNING * * *
You block the orc priest's attack.
You closely miss the orc priest.
The orc priest is severely wounded.
You block the orc priest's attack.
Unknown command.
The orc priest looks encouraged for a moment.
It was a potion of resistance.
You feel protected.
The orc priest mumbles some strange prayers to Beogh against you.
Beogh smites you!
You die...

# ## ############### .#######
#.........[...#####
.......#####.#####......[[...#
.###............@.o#####.###.#
.# ###.............#
#.###.#### .# ###.###.####..#
#.##...... .# #.# #.# #..#
#.##..#### .# #.# #.# #..#
#>##..# .# #.# #.#
#..#####.##..# .# #.#
#.####............# .# #.#
#.............#...# .# #.#
#######.##........#


You could see an orc priest.

Vanquished Creatures
  3 adders (D:2)
  4 dart slugs
  4 orcs
  6 ball pythons
  7 bats
  6 endoplasms
  A giant cockroach (D:2)
  5 hobgoblins
  4 jackals
  2 kobolds
  A quokka (D:1)
  3 frilled lizards
  2 goblins (D:2)
48 creatures vanquished.

Vanquished Creatures (others)
  2 fungi (D:1)
  2 plants (D:1)
  8 toadstools (D:3)
12 creatures vanquished.

Grand Total: 60 creatures vanquished

Notes
Turn   | Place    | Note
-------+----------+-------------------------------------------
     0 | D:1      | xaos the Human Conjurer began the quest for the Orb.
     0 | D:1      | Reached XP level 1. HP: 13/13 MP: 3/3
   245 | D:1      | Reached XP level 2. HP: 19/19 MP: 3/5
   809 | D:1      | Found Voobruguvy's Distillery.
   825 | D:1      | Found Ilomm's Antique Weapon Boutique.
  1209 | D:1      | Found Veatae's Weapon Boutique.
  1367 | D:1      | Bought 2 boomerangs for 11 gold pieces
  1386 | D:1      | Found a faded altar of an unknown god.
  1717 | D:1      | Reached XP level 3. HP: 12/24 MP: 6/6
  1725 | D:1      | Found Ofab Owi's Weapon Emporium.
  2836 | D:2      | Reached skill level 1 in Short Blades
  2836 | D:2      | Reached XP level 4. HP: 25/31 MP: 5/7
  3351 | D:2      | Found a sparkling altar of Nemelex Xobeh.
  3738 | D:3      | Found Efiyppa's Weapon Shop.
  4236 | D:2      | Killed from afar by an orc priest

Illustrated notes

Levels and vault maps discovered:
D:1:      eino_arrival_tree_alley, layout_basic, serial_shops, shop, shop, shop,
          shop_fountains, shapermc_ecumenical_altar_mp_urbaneastern
D:2:      layout_loops_ring, basic_altar
D:3:      cheibrodos_fertilizer, layout_loops_ring, serial_shops,
          nicolae_shop_trees, corexii_leaking_fountain, kennysheep_nondescript,
          minmay_misc_feat_nine_boxes

Skill      XL: |  1  2  3 |
---------------+----------+-----
Short Blades   | 1 |  1.8
Fighting       | |  0.8
Dodging        | |  2.4
Stealth        | |  2.3
Shields        | |  0.3
Spellcasting   | |  2.1
Conjurations   | |  4.7

Action                   |  1- 3 |  4- 6 || total
-------------------------+-------+-------++-------
Melee: Short sword       |   139 |    81 ||   220
       Falchion          |       |    15 ||    15
Throw: Stone             |     9 |       ||     9
 Cast: Magic Dart        |    18 |    17 ||    35
  Use: Scroll            |     2 |       ||     2
       Potion            |       |     2 ||     2
 Stab: Sleeping          |       |     2 ||     2
Armor: Robe              |    52 |    31 ||    83
Dodge: Dodged            |    62 |    49 ||   111
Block: Other             |    34 |    24 ||    58
       Rpst.: Falchion   |       |     1 ||     1
